 Dungeon Crawl Stone Soup version 0.26-a0-651-gb41185065b (webtiles) character file.

Game seed: 60398477170778983

3226 raph the Cleaver (level 9, 0/74 HPs)
             Began as a Deep Dwarf Fighter on Oct 22, 2020.
             Was a Believer of Elyvilon.
             Slain by a two-headed ogre
             ... wielding a +0 giant club
              (18 damage)
             ... on level 8 of the Dungeon.
             The game lasted 00:21:34 (7425 turns).

raph the Cleaver (Deep Dwarf Fighter)               Turns: 7425, Time: 00:21:35

Health: 0/74       AC: 10    Str: 19    XL:     9   Next: 66%
Magic:  11/11      EV: 11    Int: 10    God:    Elyvilon [**....]
Gold:   544        SH:  5    Dex: 15    Spells: 8/8 levels left

rFire    . . .     SeeInvis +   a - +0 broad axe
rCold    . . .     Faith    .   L - +0 buckler
rNeg     + . .     Spirit   .   C - +3 leather armour of the Unseen Realm {Rampage MR+ SInv}
rPois    +         Reflect  .   y - +0 helmet
rElec    .         Harm     .   r - +1 cloak
rCorr    .         Rampage  +   E - +0 pair of gloves (curse)
MR       ++...                  (no boots)
Stlth    +.........             (no amulet)
HPRegen  0.00/turn              t - ring of positive energy
MPRegen  0.12/turn              e - ring of poison resistance

@: non-regenerating
A: damage resistance, heal wounds, sense surroundings 2, no regeneration
a: Heal Wounds, Lesser Healing, Heal Other, Divine Protection, Renounce Religion


You were on level 8 of the Dungeon.
You worshipped Elyvilon.
Elyvilon was pleased with you.
You visited 2 branches of the dungeon, and saw 9 of its levels.
You also visited: Sewer.

You collected 544 gold pieces.

Inventory:

Hand Weapons
 a - a +0 broad axe (weapon)
 b - a +0 hunting sling
 M - a +0 war axe
Missiles
 j - 280 stones (quivered)
 k - 44 bolts
 p - 8 sling bullets
 u - 29 poisoned darts
Armour
 c - a +0 kite shield
 i - a +0 scale mail
 r - a +1 cloak (worn)
 s - a +0 chain mail
 y - a +0 helmet (worn)
 C - the +3 leather armour of the Unseen Realm (worn) {Rampage MR+ SInv}
   (You found it on level 4 of the Dungeon)

   It affects your resistance to hostile enchantments.
   It lets you see invisible.
   It bestows one free step when moving towards enemies.
 D - the +1 ring mail "Ibatai" {rElec Str+5 Dex+2}
   (You found it on level 5 of the Dungeon)

   It affects your strength (+5).
   It affects your dexterity (+2).
   It insulates you from electricity.
 E - a cursed +0 pair of gloves (worn)
 H - the +0 leather armour "Aneept" {Int+5 Dex+4}
   (You found it on level 5 of the Dungeon)

   It affects your intelligence (+5).
   It affects your dexterity (+4).
 L - a +0 buckler (worn)
Jewellery
 e - a ring of poison resistance (right hand)
 o - an uncursed ring of fire
 t - a ring of positive energy (left hand)
 x - an uncursed ring of flight
 F - an uncursed ring of magical power
 P - an uncursed ring of ice
Wands
 z - a wand of paralysis (8)
 B - a wand of acid (6)
 Q - a wand of iceblast (8)
 R - a wand of disintegration (18)
Scrolls
 f - 8 scrolls of teleportation
 g - a scroll of enchant armour
 A - 2 scrolls of remove curse
 G - 3 scrolls of blinking
 K - a scroll of identify
 N - a scroll of fear
 O - a scroll of enchant weapon {unknown}
Potions
 d - 3 potions of might
 h - a potion of heal wounds
 l - a potion of cancellation
 m - 3 potions of degeneration
 n - 3 potions of magic
 q - 3 potions of curing
 v - a potion of brilliance {unknown}
 w - 2 potions of lignification {unknown}
 I - 2 potions of flight {unknown}
 J - a potion of resistance {unknown}


   Skills:
 - Level 2.6 Fighting
 * Level 13.4 Axes
 - Level 3.2 Armour
 - Level 4.0 Shields
 - Level 6.1 Invocations


You had 8 spell levels left.
You didn't know any spells.
Your spell library contained the following spells:

 Spells                   Type           Power        Failure   Level
 Confusing Touch          Hex            #.......     80%         3
 Gell's Gravitas          Tloc           #.........   80%         3
 Petrify                  Tmut/Erth      #.......     99%         4
 Metabolic Englaciation   Hex/Ice        #.........   100%        5
 Yara's Violent Unravell  Hex/Tmut       #.........   100%        5


Dungeon Overview and Level Annotations

Branches:
Dungeon (8/15)             Temple (1/1) D:5           Sewer (visited)
   Lair: D:8-11

Altars:
Ashenzari
Cheibriados
Dithmenos
Elyvilon
Fedhas
Gozag
Hepliaklqana
Kikubaaqudgha
Nemelex Xobeh
Qazlal
Ru
Sif Muna
Trog
Uskayaw
Vehumet
Wu Jian
Xom
Yredelemnul
Zin
The Shining One


Innate Abilities, Weirdness & Mutations

You are resistant to damage.
You can heal yourself by infusing magical energy.
You passively map the area around you.
You do not regenerate.


Message History

You see here 20 stones.
The two-headed ogre shouts in stereo!
You see here 12 gold pieces.
You rampage towards the two-headed ogre!
The two-headed ogre hits you with a +0 giant club!
The two-headed ogre barely misses you.
You barely miss the two-headed ogre.
The two-headed ogre hits you with a +0 giant club!
The two-headed ogre barely misses you.
You slash the two-headed ogre!
The two-headed ogre is lightly wounded.
You slash the two-headed ogre!
The two-headed ogre is heavily wounded.
The two-headed ogre hits you with a +0 giant club!
The two-headed ogre hits you with a +0 giant spiked club!
* * * LOW HITPOINT WARNING * * *
Your leather armour of the Unseen Realm prevents you from hitting the two-headed ogre.
The two-headed ogre is heavily wounded.
The two-headed ogre hits you with a +0 giant club!!
You die...

...# , ,
#............#
...#**,
#............#
#### **
#............#
,
#............#
, , *
#..(.........#
, ,
+......#######
* ** ,#...$..#
** ,*
,#......# ,, ,
#...@..# ,, ,
, #...O..# , ,
#......#,, ,
,,, ,, *,
#......+ * ,
+* * #......#,
, * , **
#......# ****
, ,, *
#......# *,
#......# *


You could see a two-headed ogre.

Vanquished Creatures
  Pikel (D:5)
  2 hippogriffs
  A water moccasin (D:8)
  An orc warrior (D:6)
  2 black bears
  2 ogres
  An ice beast (D:4)
  2 phantoms
  4 centaurs
  2 lemures
  3 bullfrogs
  3 scorpions
  2 electric eels (D:6)
  A centaur zombie (D:8)
  2 orc priests
  3 hounds
  2 orc wizards
  A bullfrog skeleton (D:8)
  Crazy Yiuf (D:5)
  A centaur skeleton (D:4)
  3 iguanas
  Ijyb (D:5)
  4 worker ants
  3 hound zombies (D:7)
  A worker ant zombie (D:3)
  3 gnolls (D:6)
  8 adders
  A shadow imp (D:5)
  An ufetubus (D:6)
  An ooze (D:3)
  2 adder skeletons (D:4)
  5 worms
  2 dart slugs
  4 leopard geckos
  16 orcs
  5 ball pythons
  6 bats
  12 giant cockroaches
  2 gnoll zombies (D:6)
  8 goblins
  13 hobgoblins
  22 jackals
  2 quokkas
  A ball python zombie (D:5)
  13 frilled lizards
  12 kobolds
  6 rats
194 creatures vanquished.

Vanquished Creatures (others)
  An orc wizard (D:6)
  28 plants
29 creatures vanquished.

Grand Total: 223 creatures vanquished

Notes
Turn   | Place    | Note
-------+----------+-------------------------------------------
     0 | D:1      | raph the Deep Dwarf Fighter began the quest for the Orb.
     0 | D:1      | Reached XP level 1. HP: 20/20 MP: 1/1
   111 | D:1      | Reached skill level 3 in Axes
   111 | D:1      | Reached XP level 2. HP: 22/27 MP: 2/2
   515 | D:1      | Reached XP level 3. HP: 25/33 MP: 3/3
   648 | D:1      | Reached skill level 4 in Axes
   794 | D:2      | Found a faded altar of an unknown god.
  1189 | D:2      | Reached XP level 4. HP: 31/40 MP: 4/4
  1199 | D:2      | Reached skill level 5 in Axes
  2133 | D:3      | Found a glowing drain.
  2141 | D:3      | Reached XP level 5. HP: 25/46 MP: 5/5
  2178 | Sewer    | Entered a sewer
  2282 | Sewer    | Reached skill level 6 in Axes
  3315 | D:3      | Found a snail-covered altar of Cheibriados.
  3658 | D:4      | Reached skill level 7 in Axes
  3658 | D:4      | Reached XP level 6. HP: 23/55 MP: 6/6
  3810 | D:4      | Noticed an ice beast
  3825 | D:4      | Killed an ice beast
  3842 | D:4      | Got a transparent leather armour
  3853 | D:4      | Identified the +3 leather armour of the Unseen Realm
                  | {Rampage MR+ SInv} (You found it on level 4 of the Dungeon)
  3963 | D:4      | Found a radiant altar of Vehumet.
  3965 | D:4      | Found a shimmering blue altar of Sif Muna.
  3967 | D:4      | Found a sparkling altar of Nemelex Xobeh.
  3967 | D:4      | Found a glowing silver altar of Zin.
  3968 | D:4      | Found a shimmering altar of Xom.
  4005 | D:4      | Reached skill level 8 in Axes
  4280 | D:5      | Entered Level 5 of the Dungeon
  4512 | D:5      | Noticed Ijyb
  4520 | D:5      | Killed Ijyb
  4526 | D:5      | Got an encrusted ring mail
  4538 | D:5      | Identified the +1 ring mail "Ibatai" {rElec Str+5 Dex+2}
                  | (You found it on level 5 of the Dungeon)
  4606 | D:5      | Reached XP level 7. HP: 17/61 MP: 7/7
  4674 | D:5      | Got a faintly humming leather armour
  4685 | D:5      | Identified the +0 leather armour "Aneept" {Int+5 Dex+4}
                  | (You found it on level 5 of the Dungeon)
  4714 | D:5      | Noticed Pikel
  4733 | D:5      | Killed Pikel
  4733 | D:5      | Reached skill level 10 in Axes
  4879 | D:5      | Reached XP level 8. HP: 36/68 MP: 7/7
  4917 | D:5      | Found a runed translucent door.
  4918 | D:5      | Noticed Crazy Yiuf
  4925 | D:5      | Killed Crazy Yiuf
  4993 | D:5      | Found a staircase to the Ecumenical Temple.
  5002 | Temple   | Entered the Ecumenical Temple
  5051 | Temple   | Became a worshipper of Elyvilon the Healer
  5191 | D:6      | Reached skill level 1 in Invocations
  5350 | D:6      | Reached skill level 11 in Axes
  5412 | D:6      | Found a glowing golden altar of the Shining One.
  5551 | D:6      | Reached * piety under Elyvilon
  5825 | D:6      | Found a basalt altar of Yredelemnul.
  6194 | D:7      | Reached skill level 5 in Invocations
  6249 | D:7      | Reached skill level 12 in Axes
  6249 | D:7      | Gained mutation: You passively map the area around you.
                  | [Deep Dwarf growth]
  6249 | D:7      | Reached XP level 9. HP: 61/74 MP: 10/10
  6595 | D:7      | Found a shimmering altar of Xom.
  7007 | D:8      | Found a stormy altar of Qazlal.
  7051 | D:8      | Found a blossoming altar of Fedhas.
  7101 | D:8      | Reached ** piety under Elyvilon
  7122 | D:8      | Reached skill level 13 in Axes
  7418 | D:8      | Noticed a two-headed ogre
  7425 | D:8      | Slain by a two-headed ogre

Illustrated notes

Levels and vault maps discovered:
D:1:      sevenhm_arrival_forest_fort_large_2, layout_loops_cross
D:2:      layout_basic, serial_forest, infiniplex_forest_clump_tiny,
          infiniplex_forest_straight_2, infiniplex_forest_straight_2,
          infiniplex_forest_clump_curved, infiniplex_forest_straight_2,
          infiniplex_forest_corner_2, infiniplex_forest_end_2,
          infiniplex_forest_lined_2, chequers_ecumenical_altar_simple_redux
D:3:      layout_basic, cheibriados_altar_1, cheibrodos_sewer_entry_sluice
D:4:      layout_loops_cross, grunt_temple_overflow_open,
          kennysheep_generic_room_9
D:5:      layout_cave_pools, minmay_temple_entry_poolview, uniq_ijyb,
          uniq_pikel, uniq_crazy_yiuf_cottage
D:6:      layout_rooms, lemuel_zombie_altar_yredelemnul,
          nicolae_overflow_crystal_walls, water_maze_lemuel
D:7:      corexii_shack_village, layout_basic, basic_altar
D:8:      layout_gridville, grunt_temple_overflow_forces_of_nature,
          lemuel_crystal_altar
Temple:   eino_wide_crystal_templ

Skill      XL: |  1  2  3  4  5  6  7  8  9 |
---------------+----------------------------+-----
Axes           | 3 4 5 7 8 10 12 13 | 13.4
Invocations    | 5 6 |  6.1
Shields        | 4 |  4.0
Fighting       | |  2.6
Armour         | |  3.2

Action                   |  1- 3 |  4- 6 |  7- 9 || total
-------------------------+-------+-------+-------++-------
Melee: War axe           |    71 |   288 |    77 ||   436
       Broad axe         |       |       |   196 ||   196
 Fire: Hunting sling     |    21 |    54 |    36 ||   111
Throw: Stone             |       |     1 |       ||     1
Invok: Lesser Healing    |       |       |    11 ||    11
 Abil: Heal Wounds       |     1 |       |    10 ||    11
  Use: Scroll            |       |    12 |     2 ||    14
       Potion            |       |     2 |     2 ||     4
Armor: Scale mail        |    31 |     5 |       ||    36
       Chain mail        |       |   150 |       ||   150
       Leather armour    |       |    24 |    99 ||   123
       Ring mail         |       |     3 |    31 ||    34
Dodge: Dodged            |    37 |   118 |   183 ||   338
Block: Buckler           |       |       |    19 ||    19

Table legend: (Time is in decaauts)
 A = Elapsed time spent in this place.
 B = Non-inter-level travel time spent in this place.
 C = Inter-level travel time spent in this place.
 D = Time resting spent in this place.
 E = Time spent auto-exploring this place.
 F = Levels seen in this place.
 G = Mean time per level.
                   A        B        C        D        E       F      G
               +--------+--------+--------+--------+--------+-----+--------+
         Total |   7617 |   7350 |    267 |   1200 |   3820 |  10 |  761.7 |
       Dungeon |   6697 |   6444 |    253 |   1085 |   3345 |   8 |  837.1 |
        Temple |     64 |     50 |     14 |      0 |     40 |   1 |   64.0 |
         Sewer |    855 |    855 |      0 |    115 |    434 |   1 |  855.0 |
               +--------+--------+--------+--------+--------+-----+--------+

Top non-repeatable levels by time:
     D:2: 1276 daAuts
     D:7: 940 daAuts
     D:6: 939 daAuts
     D:4: 865 daAuts
   Sewer: 855 daAuts
     D:3: 854 daAuts
     D:1: 800 daAuts
     D:5: 594 daAuts
     D:8: 427 daAuts
  Temple: 64 daAuts
